Sharks vs Blues
(R1)
Created - 24 janvier 2013 at 22:14
Goals
|
| Sharks |
0 |
1 |
3 |
4 |
| Blues |
0 |
1 |
1 |
2 |
|
Shots
|
| Sharks |
6 |
8 |
14 |
28 |
| Blues |
15 |
8 |
8 |
31 |
|
1st period
No Goal
Penalties :
Darcy Hordichuk (STL) for Hooking (Minor) at 1:29, Brent Burns (STL) for Hooking (Minor) at 12:03, Adam Mair (SJS) for High sticking (Minor) at 15:21
2nd period
1. Sharks , Henrik Sedin 20 (Daniel Sedin) at 5:48
2. Blues , Rick Nash 10 (Dan Boyle, Paul Kariya) at 8:04
Penalties :
Paul Kariya (STL) for Delaying the game (Minor) at 5:38, Dan Girardi (SJS) for Hooking (Minor) at 5:38, Vaclav Varada (STL) for High sticking (Minor) at 9:59, Adam Mair (SJS) for Tripping (Minor) at 9:59
3rd period
3. Sharks , Daniel Sedin 18 (Henrik Sedin, Mike Komisarek) at 15:48
4. Sharks , Henrik Sedin 21 (Andrei Markov) at 16:03
5. Blues , Jamie Langenbrunner 6 (Brent Burns, Tomas Plekanec) at 18:03
6. Sharks , Georges Laraque 8 (Andrei Markov) at 18:45
Penalties :
Travis Zajac (STL) for Hooking (Minor) at 0:48, Tomas Plekanec (STL) for Hooking (Minor) at 3:01, Rick Nash (STL) for Holding (Minor) at 5:43, Dan Boyle (STL) for Holding (Minor) at 8:24, Darcy Hordichuk (STL) for Interference (Minor) at 13:28, Rick Nash (STL) for Diving (Minor) at 15:38, Mike Fisher (SJS) for Tripping (Minor) at 15:38
Goalie Stats
Pascal Leclaire (SJS), 29 saves from 31 shots - (0,935), W, 12-8-2, 60:00 minutes
Tuukka Rask (STL), 24 saves from 28 shots - (0,857), L, 7-8-0, 60:00 minutes
Players Stats for Sharks
Player Name G A P +/- PIM S H SB GA TA FO MP PP MP PK MP
------------------------------------------------------------------------------------
Adam Mair 0 0 0 -1 4 1 2 0 0 0 1/4 8:11 0:00 0:00
Andrei Markov 0 2 2 2 0 2 1 1 0 0 0/0 27:32 7:46 1:13
Bates Battaglia 0 0 0 -1 0 1 3 0 0 0 1/1 8:42 0:15 0:38
Bobby Ryan 0 0 0 0 0 1 3 1 0 1 0/1 20:18 7:56 0:26
Brad Ference 0 0 0 -1 0 0 0 1 0 0 0/0 9:24 0:00 0:28
Dan Girardi 0 0 0 0 2 0 0 1 0 0 0/0 22:19 6:07 0:18
Daniel Sedin 1 1 2 2 0 2 2 1 0 0 0/0 22:26 7:58 0:58
David Hale 0 0 0 -1 0 0 0 0 0 0 0/0 9:58 0:00 0:28
Georges Laraque 1 0 1 1 0 2 1 1 1 0 0/0 10:41 0:04 0:00
Henrik Sedin 2 1 3 2 0 7 3 0 0 1 17/33 22:51 7:58 0:58
Joni Pitkanen 0 0 0 2 0 5 0 2 0 1 0/0 27:29 7:46 1:13
Mike Fisher 0 0 0 1 2 2 0 0 1 0 3/9 12:22 0:28 0:22
Mike Johnson 0 0 0 -1 0 0 0 0 0 0 0/0 6:49 0:00 0:00
Mike Komisarek 0 1 1 1 0 1 1 2 0 0 0/0 22:37 6:07 0:18
Mikko Koivu 0 0 0 0 0 0 1 0 0 0 4/11 18:28 5:40 0:26
Milan Hejduk 0 0 0 0 0 3 0 0 2 0 0/0 15:26 5:40 0:00
Ryan Malone 0 0 0 1 0 0 0 0 1 0 1/1 10:49 0:00 0:10
Tomas Fleischmann 0 0 0 0 0 1 1 0 0 0 0/0 15:38 5:40 0:00
Players Stats for Blues
Player Name G A P +/- PIM S H SB GA TA FO MP PP MP PK MP
------------------------------------------------------------------------------------
Blake Wheeler 0 0 0 -2 0 2 1 0 0 0 2/3 14:35 0:00 2:38
Brent Burns 0 1 1 0 2 2 1 3 0 0 0/0 16:39 0:41 0:00
Bryce Lampman 0 0 0 0 0 2 1 0 0 0 0/0 22:30 0:39 8:07
Dan Boyle 0 1 1 -2 2 3 0 2 0 1 0/0 20:51 1:20 0:00
Danny Richmond 0 0 0 -2 0 1 5 2 0 0 0/0 26:00 0:39 5:46
Darcy Hordichuk 0 0 0 0 4 3 0 1 0 0 1/1 13:29 0:00 4:11
Éric Belanger 0 0 0 0 0 2 1 0 0 0 2/5 12:40 0:39 4:55
François Beauchemin 0 0 0 0 0 0 0 0 1 2 0/0 18:18 0:00 8:07
Jamie Langenbrunner 1 0 1 0 0 3 2 0 0 0 1/1 11:46 1:01 0:00
Jeff Woywitka 0 0 0 0 0 1 1 0 0 1 0/0 16:29 0:39 5:46
Matthew Lombardi 0 0 0 0 0 5 1 0 1 1 5/8 19:29 0:00 7:39
Maxim Afinogenov 0 0 0 0 0 0 0 1 0 0 0/0 10:16 0:58 0:00
Paul Kariya 0 1 1 1 2 1 2 0 1 0 5/10 19:36 0:19 7:40
Rick Nash 1 0 1 0 4 4 0 2 0 0 0/0 15:27 1:01 0:38
Tomas Plekanec 0 1 1 0 2 2 1 0 0 0 7/9 12:53 0:58 0:02
Travis Zajac 0 0 0 -2 2 0 3 0 0 0 10/23 14:24 1:01 0:00
Vaclav Varada 0 0 0 0 2 0 0 0 0 0 0/0 7:54 0:00 0:00
Ville Peltonen 0 0 0 0 0 0 1 0 0 0 0/0 6:44 0:00 0:03
3 Stars
1 - Henrik Sedin (SJS)
2 - Daniel Sedin (SJS)
3 - Andrei Markov (SJS)
Power Play
Sharks - 0 on 7 Attempt(s) - 0,00%
Blues - 0 on 1 Attempt(s) - 0,00%
Penalty Kill
Sharks - 1 on 1 Attempt(s) - 100,00%
- Score 0 goal in Penalty Kill
Blues - 7 on 7 Attempt(s) - 100,00%
- Score 0 goal in Penalty Kill
Official
Referees : Meier Brad and Hebert Ghislain
Linesman : Derek Nansen and Lyle Seitz
Game Notes
No Game Note
Finance
Level 1 -- Attendance: 4629 (77,15%) -- Ticket Income 449 013 $
Level 2 -- Attendance: 4120 (82,40%) -- Ticket Income 243 080 $
Level 3 -- Attendance: 1488 (74,40%) -- Ticket Income 52 080 $
Level 4 -- Attendance: 4000 (100,00%) -- Ticket Income 80 000 $
Luxury Box -- Attendance: 658 (65,80%) -- Ticket Income 131 600 $
Game was played at the Scotttrade center
Total Attendance: 14895 (82,75%)
Total Ticket Income: 955 773 $
Total Income: 955 773 $
Sharks
5 vs 5 Forward
Center Left Wing Right Wing Time % Phy DF OF
1 Henrik Sedin Daniel Sedin Bobby Ryan 40 1 2 2
2 Mikko Koivu Tomas Fleischmann Milan Hejduk 30 1 2 2
3 Mike Fisher Ryan Malone Georges Laraque 20 1 2 2
4 Adam Mair Bates Battaglia Mike Johnson 10 1 2 2
5 vs 5 Defense
Defense Defense Time % Phy DF OF
1 Joni Pitkanen Andrei Markov 40 1 2 2
2 Mike Komisarek Dan Girardi 30 1 2 2
3 David Hale Brad Ference 20 1 2 2
4 Joni Pitkanen Andrei Markov 10 1 2 2
PowerPlay Forward
Center Left Wing Right Wing Time % Phy DF OF
1 Henrik Sedin Daniel Sedin Bobby Ryan 60 1 2 2
2 Mikko Koivu Tomas Fleischmann Milan Hejduk 40 1 2 2
PowerPlay Defense
Defense Defense Time % Phy DF OF
1 Joni Pitkanen Andrei Markov 60 1 2 2
2 Mike Komisarek Dan Girardi 40 1 2 2
Penalty Kill 4 Players Forward
Center Wing Time % Phy DF OF
1 Henrik Sedin Daniel Sedin 60 1 2 2
2 Mikko Koivu Bobby Ryan 40 1 2 2
Penalty Kill 4 Players Defense
Defense Defense Time % Phy DF OF
1 Joni Pitkanen Andrei Markov 60 1 2 2
2 Mike Komisarek Dan Girardi 40 1 2 2
Penalty Kill - 3 Players Forward
Forward Time % Phy DF OF
1 Henrik Sedin 60 1 2 2
2 Daniel Sedin 40 1 2 2
Penalty Kill - 3 Players Defense
Defense Defense Time % Phy DF OF
1 Joni Pitkanen Andrei Markov 60 1 2 2
2 Mike Komisarek Dan Girardi 40 1 2 2
4 vs 4 Forward
Center Wing Time % Phy DF OF
1 Henrik Sedin Daniel Sedin 60 1 2 2
2 Mikko Koivu Bobby Ryan 40 1 2 2
4 vs 4 Defense
Defense Defense Time % Phy DF OF
1 Joni Pitkanen Andrei Markov 60 1 2 2
2 Mike Komisarek Dan Girardi 40 1 2 2
Last Minutes Offensive
Center Left Wing Right Wing Defense Defense
Henrik Sedin Daniel Sedin Bobby Ryan Joni Pitkanen Andrei Markov
Last Minutes Defensive
Center Left Wing Right Wing Defense Defense
Henrik Sedin Daniel Sedin Bobby Ryan Joni Pitkanen Andrei Markov
Goaltenders
Starting : Pascal Leclaire
Backup : Martin Biron
Extra Forwards
Normal : Mike Fisher, Bobby Ryan, Bates Battaglia - PP : Mike Fisher, Bobby Ryan - PK : Bates Battaglia
Extra Defensemen
Normal : David Hale, Brad Ference, Mike Komisarek - PP : David Hale - PK : Brad Ference, Mike Komisarek
Penalty Shots
Henrik Sedin, Daniel Sedin, Georges Laraque, Milan Hejduk, Mikko Koivu
Blues
5 vs 5 Forward
Center Left Wing Right Wing Time % Phy DF OF
1 Travis Zajac Paul Kariya Maxim Afinogenov 40 1 2 2
2 Tomas Plekanec Rick Nash Jamie Langenbrunner 30 1 2 2
3 Matthew Lombardi Darcy Hordichuk Blake Wheeler 20 1 2 2
4 Éric Belanger Ville Peltonen Vaclav Varada 10 1 2 2
5 vs 5 Defense
Defense Defense Time % Phy DF OF
1 Dan Boyle Danny Richmond 40 1 2 2
2 Brent Burns Bryce Lampman 30 1 2 2
3 François Beauchemin Jeff Woywitka 20 1 2 2
4 Dan Boyle Brent Burns 10 1 2 2
PowerPlay Forward
Center Left Wing Right Wing Time % Phy DF OF
1 Travis Zajac Rick Nash Jamie Langenbrunner 55 0 1 4
2 Tomas Plekanec Paul Kariya Maxim Afinogenov 45 0 1 4
PowerPlay Defense
Defense Defense Time % Phy DF OF
1 Dan Boyle Brent Burns 60 0 2 3
2 Bryce Lampman Danny Richmond 40 0 2 3
Penalty Kill 4 Players Forward
Center Wing Time % Phy DF OF
1 Paul Kariya Matthew Lombardi 60 1 3 1
2 Éric Belanger Darcy Hordichuk 40 1 3 1
Penalty Kill 4 Players Defense
Defense Defense Time % Phy DF OF
1 Bryce Lampman François Beauchemin 60 2 3 0
2 Danny Richmond Jeff Woywitka 40 2 3 0
Penalty Kill - 3 Players Forward
Forward Time % Phy DF OF
1 Jamie Langenbrunner 60 1 3 1
2 Paul Kariya 40 1 3 1
Penalty Kill - 3 Players Defense
Defense Defense Time % Phy DF OF
1 Dan Boyle Brent Burns 60 2 3 0
2 Bryce Lampman Danny Richmond 40 2 3 0
4 vs 4 Forward
Center Wing Time % Phy DF OF
1 Travis Zajac Rick Nash 60 1 2 2
2 Tomas Plekanec Paul Kariya 40 1 2 2
4 vs 4 Defense
Defense Defense Time % Phy DF OF
1 Dan Boyle Danny Richmond 60 1 2 2
2 Bryce Lampman Brent Burns 40 1 2 2
Last Minutes Offensive
Center Left Wing Right Wing Defense Defense
Travis Zajac Paul Kariya Jamie Langenbrunner Dan Boyle Brent Burns
Last Minutes Defensive
Center Left Wing Right Wing Defense Defense
Éric Belanger Paul Kariya Jamie Langenbrunner Bryce Lampman Danny Richmond
Goaltenders
Starting : Tuukka Rask
Backup : Cory Schneider
Extra Forwards
Normal : Blake Wheeler, Matthew Lombardi, Maxim Afinogenov - PP : Éric Belanger, Matthew Lombardi - PK : Blake Wheeler
Extra Defensemen
Normal : François Beauchemin, Dan Boyle, Bryce Lampman - PP : Jeff Woywitka - PK : Brent Burns, Dan Boyle
Penalty Shots
Paul Kariya, Rick Nash, Travis Zajac, Jamie Langenbrunner, Blake Wheeler
% Time on Ice - Sharks
Lines # - Real PCT - Wanted PCT - Time Play
Normal Forward
1 - 23% - 40% - 8:44
2 - 32% - 30% - 12:11
3 - 30% - 20% - 11:17
4 - 16% - 10% - 5:59
Normal Defense
1 - 41% - 40% - 15:44
2 - 37% - 30% - 14:16
3 - 21% - 20% - 8:11
4 - 0% - 10% - 0:00
PP Forward
1 - 59% - 60% - 8:13
2 - 41% - 40% - 5:40
PP Defense
1 - 56% - 60% - 7:46
2 - 44% - 40% - 6:07
PK Forward
1 - 78% - 60% - 1:33
2 - 22% - 40% - 0:26
PK Defense
1 - 61% - 60% - 1:13
2 - 39% - 40% - 0:46
PK3 Forward
1 - 0% - 60%
2 - 0% - 40%
PK3 Defense
1 - 0% - 60%
2 - 0% - 40%
44 Forward
1 - 76% - 60% - 4:30
2 - 24% - 40% - 1:27
44 Defense
1 - 60% - 60% - 3:33
2 - 40% - 40% - 2:24
Last Minute Offensive - 0:00
Last Minute Defensive - 0:00
Total
Forward - 60:00
Defense - 60:00
|
% Time on Ice - Blues
Lines # - Real PCT - Wanted PCT - Time Play
Normal Forward
1 - 37% - 40% - 14:06
2 - 29% - 30% - 10:55
3 - 18% - 20% - 6:45
4 - 17% - 10% - 6:25
Normal Defense
1 - 42% - 40% - 16:07
2 - 31% - 30% - 11:46
3 - 21% - 20% - 8:05
4 - 6% - 10% - 2:13
PP Forward
1 - 51% - 55% - 1:01
2 - 49% - 45% - 0:58
PP Defense
1 - 67% - 60% - 1:20
2 - 33% - 40% - 0:39
PK Forward
1 - 66% - 60% - 9:13
2 - 34% - 40% - 4:40
PK Defense
1 - 58% - 60% - 8:07
2 - 42% - 40% - 5:46
PK3 Forward
1 - 0% - 60%
2 - 0% - 40%
PK3 Defense
1 - 0% - 60%
2 - 0% - 40%
44 Forward
1 - 80% - 60% - 4:46
2 - 20% - 40% - 1:11
44 Defense
1 - 64% - 60% - 3:47
2 - 36% - 40% - 2:10
Last Minute Offensive - 0:00
Last Minute Defensive - 0:00
Total
Forward - 60:00
Defense - 60:00
|
Play by Play
1st period
0:01 of 1st period - Henrik Sedin wins face-off versus Travis Zajac in neutral zone.
0:03 of 1st period - Off-side.
0:04 of 1st period - Travis Zajac wins face-off versus Bobby Ryan in neutral zone.
0:29 of 1st period - Snap shot by Jamie Langenbrunner.
0:29 of 1st period - Stopped by Pascal Leclaire with a rebound.
0:31 of 1st period - Snap shot by Dan Boyle.
0:31 of 1st period - Stopped by Pascal Leclaire without a rebound.
0:32 of 1st period - Tomas Plekanec wins face-off versus Mikko Koivu in Sharks zone.
0:59 of 1st period - Wrist shot by Tomas Plekanec.
0:59 of 1st period - Stopped by Pascal Leclaire with a rebound.
1:01 of 1st period - Slapshot by Jeff Woywitka.
1:01 of 1st period - Stopped by Pascal Leclaire with a rebound.
1:03 of 1st period - Slapshot by Jeff Woywitka.
1:03 of 1st period - Shot Blocked by Mike Komisarek.
1:07 of 1st period - Snap shot by Rick Nash.
1:07 of 1st period - Shot Blocked by Mike Komisarek.
1:09 of 1st period - Snap shot by Rick Nash.
1:09 of 1st period - Stopped by Pascal Leclaire without a rebound.
1:10 of 1st period - Mike Fisher wins face-off versus Matthew Lombardi in Sharks zone.
1:18 of 1st period - Icing by Ryan Malone.
1:19 of 1st period - Matthew Lombardi wins face-off versus Mike Fisher in Sharks zone.
1:24 of 1st period - Snap shot by Matthew Lombardi.
1:24 of 1st period - Shot Misses the Net.
1:26 of 1st period - Wrist shot by Dan Boyle.
1:26 of 1st period - Shot Misses the Net.
1:28 of 1st period - Slapshot by Dan Boyle.
1:28 of 1st period - Shot Blocked by Brad Ference.
1:29 of 1st period - Minor Penalty to Darcy Hordichuk for Hooking.
1:30 of 1st period - Henrik Sedin wins face-off versus Paul Kariya in Blues zone.
2:08 of 1st period - Snap shot by Milan Hejduk.
2:08 of 1st period - Stopped by Tuukka Rask without a rebound.
2:09 of 1st period - Mikko Koivu wins face-off versus Éric Belanger in Blues zone.
2:10 of 1st period - Slapshot by Milan Hejduk.
2:10 of 1st period - Stopped by Tuukka Rask without a rebound.
2:11 of 1st period - Éric Belanger wins face-off versus Mikko Koivu in Blues zone.
3:29 of 1st period - Penalty to Darcy Hordichuk is over, Darcy Hordichuk is back on ice.
4:10 of 1st period - Snap shot by Paul Kariya.
4:10 of 1st period - Stopped by Pascal Leclaire with a rebound.
4:24 of 1st period - Slapshot by Paul Kariya.
4:24 of 1st period - Shot Misses the Net.
4:26 of 1st period - Slapshot by Danny Richmond.
4:26 of 1st period - Stopped by Pascal Leclaire with a rebound.
4:28 of 1st period - Wrist shot by Rick Nash.
4:28 of 1st period - Shot Misses the Net.
4:44 of 1st period - Snap shot by Daniel Sedin.
4:44 of 1st period - Deflect By Bobby Ryan.
4:44 of 1st period - Shot Misses the Net.
4:44 of 1st period - Puck is out of play.
4:45 of 1st period - Éric Belanger wins face-off versus Henrik Sedin in Blues zone.
4:45 of 1st period - Éric Belanger is hit by Bobby Ryan.
5:33 of 1st period - Bates Battaglia is hit by Travis Zajac and loses puck.
5:57 of 1st period - Georges Laraque is hit by Jeff Woywitka and loses puck.
6:15 of 1st period - Off-side.
6:16 of 1st period - Darcy Hordichuk wins face-off versus Henrik Sedin in neutral zone.
6:41 of 1st period - Dan Boyle is hit by Adam Mair.
7:01 of 1st period - Snap shot by Ville Peltonen.
7:01 of 1st period - Shot Misses the Net.
7:03 of 1st period - Slapshot by Jeff Woywitka.
7:03 of 1st period - Shot Misses the Net.
7:05 of 1st period - Slapshot by Éric Belanger.
7:05 of 1st period - Stopped by Pascal Leclaire with a rebound.
7:28 of 1st period - Slapshot by Dan Girardi.
7:28 of 1st period - Deflect By Georges Laraque.
7:28 of 1st period - Shot Misses the Net.
7:28 of 1st period - Puck is out of play.
7:29 of 1st period - Travis Zajac wins face-off versus Henrik Sedin in Blues zone.
7:38 of 1st period - Slapshot by Daniel Sedin.
7:38 of 1st period - Shot Misses the Net.
7:40 of 1st period - Slapshot by Andrei Markov.
7:40 of 1st period - Deflect By Paul Kariya.
7:40 of 1st period - Stopped by Tuukka Rask without a rebound.
7:41 of 1st period - Paul Kariya wins face-off versus Henrik Sedin in Blues zone.
8:06 of 1st period - Joni Pitkanen is hit by Danny Richmond and loses puck.
8:49 of 1st period - Snap shot by Daniel Sedin.
8:49 of 1st period - Deflect By Bobby Ryan.
8:49 of 1st period - Shot Misses the Net.
8:49 of 1st period - Puck is out of play.
8:50 of 1st period - Henrik Sedin wins face-off versus Éric Belanger in Blues zone.
9:42 of 1st period - Wrist shot by Matthew Lombardi.
9:42 of 1st period - Stopped by Pascal Leclaire with a rebound.
9:44 of 1st period - Slapshot by François Beauchemin.
9:44 of 1st period - Deflect By Blake Wheeler.
9:44 of 1st period - Stopped by Pascal Leclaire with a rebound.
9:46 of 1st period - Snap shot by Matthew Lombardi.
9:46 of 1st period - Shot Blocked by Georges Laraque.
10:00 of 1st period - Snap shot by Adam Mair.
10:00 of 1st period - Stopped by Tuukka Rask without a rebound.
10:01 of 1st period - Adam Mair wins face-off versus Tomas Plekanec in Blues zone.
10:06 of 1st period - Snap shot by Bates Battaglia.
10:06 of 1st period - Stopped by Tuukka Rask without a rebound.
10:07 of 1st period - Travis Zajac wins face-off versus Henrik Sedin in Blues zone.
10:07 of 1st period - Travis Zajac is hit by Henrik Sedin.
10:58 of 1st period - Snap shot by Ryan Malone.
10:58 of 1st period - Deflect By Dan Boyle.
10:58 of 1st period - Shot Hit the Post.
10:58 of 1st period - Puck is out of play.
10:59 of 1st period - Tomas Plekanec wins face-off versus Mike Fisher in Blues zone.
11:08 of 1st period - Mike Komisarek is hit by Jamie Langenbrunner.
11:36 of 1st period - Snap shot by Jamie Langenbrunner.
11:36 of 1st period - Shot Misses the Net.
11:38 of 1st period - Snap shot by Jamie Langenbrunner.
11:38 of 1st period - Shot Misses the Net.
11:44 of 1st period - Wrist shot by Tomas Plekanec.
11:44 of 1st period - Shot Misses the Net.
11:46 of 1st period - Slapshot by Dan Boyle.
11:46 of 1st period - Shot Blocked by Dan Girardi.
11:54 of 1st period - Slapshot by Tomas Plekanec.
11:54 of 1st period - Stopped by Pascal Leclaire with a rebound.
11:56 of 1st period - Slapshot by Bryce Lampman.
11:56 of 1st period - Shot Misses the Net.
11:58 of 1st period - Slapshot by Bryce Lampman.
11:58 of 1st period - Stopped by Pascal Leclaire without a rebound.
11:59 of 1st period - Henrik Sedin wins face-off versus Travis Zajac in Sharks zone.
12:03 of 1st period - Minor Penalty to Brent Burns for Hooking.
12:04 of 1st period - Paul Kariya wins face-off versus Henrik Sedin in Blues zone.
12:04 of 1st period - Paul Kariya is hit by Daniel Sedin.
12:20 of 1st period - Snap shot by Matthew Lombardi.
12:20 of 1st period - Stopped by Pascal Leclaire without a rebound.
12:21 of 1st period - Paul Kariya wins face-off versus Mikko Koivu in Sharks zone.
12:28 of 1st period - Paul Kariya is hit by Tomas Fleischmann and loses puck.
12:47 of 1st period - Bryce Lampman is hit by Henrik Sedin and loses puck.
13:31 of 1st period - Icing by Henrik Sedin.
13:32 of 1st period - Blake Wheeler wins face-off versus Henrik Sedin in Sharks zone.
14:03 of 1st period - Penalty to Brent Burns is over, Brent Burns is back on ice.
14:15 of 1st period - Slapshot by Matthew Lombardi.
14:15 of 1st period - Stopped by Pascal Leclaire with a rebound.
14:27 of 1st period - Wrist shot by Brent Burns.
14:27 of 1st period - Shot Misses the Net.
15:08 of 1st period - Slapshot by Matthew Lombardi.
15:08 of 1st period - Shot Misses the Net.
15:10 of 1st period - Slapshot by Bryce Lampman.
15:10 of 1st period - Stopped by Pascal Leclaire without a rebound.
15:11 of 1st period - Tomas Plekanec wins face-off versus Adam Mair in Sharks zone.
15:21 of 1st period - Minor Penalty to Adam Mair for High sticking.
15:22 of 1st period - Henrik Sedin wins face-off versus Travis Zajac in Sharks zone.
15:37 of 1st period - Snap shot by Daniel Sedin.
15:37 of 1st period - Shot Misses the Net.
16:17 of 1st period - Snap shot by Bobby Ryan.
16:17 of 1st period - Stopped by Tuukka Rask with a rebound.
17:21 of 1st period - Penalty to Adam Mair is over, Adam Mair is back on ice.
17:51 of 1st period - Éric Belanger is hit by Georges Laraque and loses puck.
18:00 of 1st period - David Hale is hit by Danny Richmond and loses puck.
18:55 of 1st period - Henrik Sedin is hit by Brent Burns and loses puck.
19:41 of 1st period - Adam Mair is hit by Paul Kariya and loses puck.
19:56 of 1st period - Mike Fisher is hit by Ville Peltonen and loses puck.
2nd period
0:01 of 2nd period - Travis Zajac wins face-off versus Henrik Sedin in neutral zone.
0:01 of 2nd period - Maxim Afinogenov is hit by Bobby Ryan and loses puck.
0:30 of 2nd period - Off-side.
0:31 of 2nd period - Tomas Plekanec wins face-off versus Henrik Sedin in neutral zone.
0:34 of 2nd period - Henrik Sedin is hit by Jamie Langenbrunner and loses puck.
1:51 of 2nd period - Éric Belanger is hit by Andrei Markov and loses puck.
2:12 of 2nd period - Wrist shot by Henrik Sedin.
2:12 of 2nd period - Stopped by Tuukka Rask with a rebound.
3:07 of 2nd period - Jeff Woywitka is hit by Henrik Sedin and loses puck.
3:37 of 2nd period - Adam Mair is hit by Bryce Lampman.
5:20 of 2nd period - Wrist shot by Tomas Fleischmann.
5:20 of 2nd period - Stopped by Tuukka Rask without a rebound.
5:21 of 2nd period - Travis Zajac wins face-off versus Henrik Sedin in Blues zone.
5:38 of 2nd period - Minor Penalty to Paul Kariya for Delaying the game.
5:38 of 2nd period - Minor Penalty to Dan Girardi for Hooking.
5:39 of 2nd period - Henrik Sedin wins face-off versus Travis Zajac in neutral zone.
5:42 of 2nd period - Slapshot by Joni Pitkanen.
5:42 of 2nd period - Stopped by Tuukka Rask without a rebound.
5:43 of 2nd period - Henrik Sedin wins face-off versus Travis Zajac in Blues zone.
5:48 of 2nd period - Snap shot by Henrik Sedin.
5:48 of 2nd period - Goal by Henrik Sedin - Sharks : 1 - Blues : 0.
5:49 of 2nd period - Henrik Sedin wins face-off versus Travis Zajac in neutral zone.
5:56 of 2nd period - Snap shot by Henrik Sedin.
5:56 of 2nd period - Shot Misses the Net.
6:06 of 2nd period - Slapshot by Dan Boyle.
6:06 of 2nd period - Stopped by Pascal Leclaire with a rebound.
6:30 of 2nd period - Snap shot by Henrik Sedin.
6:30 of 2nd period - Stopped by Tuukka Rask with a rebound.
6:58 of 2nd period - Icing by Rick Nash.
6:59 of 2nd period - Bates Battaglia wins face-off versus Travis Zajac in Blues zone.
7:29 of 2nd period - Snap shot by Tomas Plekanec.
7:29 of 2nd period - Deflect By Blake Wheeler.
7:29 of 2nd period - Shot Misses the Net.
7:29 of 2nd period - Puck is out of play.
7:30 of 2nd period - Henrik Sedin wins face-off versus Travis Zajac in Sharks zone.
7:30 of 2nd period - Henrik Sedin is hit by Travis Zajac.
7:38 of 2nd period - Penalty to Paul Kariya is over, Paul Kariya is back on ice.
7:38 of 2nd period - Penalty to Dan Girardi is over, Dan Girardi is back on ice.
8:04 of 2nd period - Wrist shot by Rick Nash.
8:04 of 2nd period - Goal by Rick Nash - Sharks : 1 - Blues : 1.
8:05 of 2nd period - Mikko Koivu wins face-off versus Matthew Lombardi in neutral zone.
8:08 of 2nd period - Slapshot by Mike Komisarek.
8:08 of 2nd period - Stopped by Tuukka Rask without a rebound.
8:09 of 2nd period - Matthew Lombardi wins face-off versus Mikko Koivu in Blues zone.
8:14 of 2nd period - Snap shot by Danny Richmond.
8:14 of 2nd period - Deflect By Darcy Hordichuk.
8:14 of 2nd period - Stopped by Pascal Leclaire with a rebound.
8:34 of 2nd period - Mike Komisarek is hit by Travis Zajac and loses puck.
9:05 of 2nd period - Slapshot by Ryan Malone.
9:05 of 2nd period - Shot Misses the Net.
9:17 of 2nd period - Snap shot by Éric Belanger.
9:17 of 2nd period - Stopped by Pascal Leclaire without a rebound.
9:18 of 2nd period - Henrik Sedin wins face-off versus Éric Belanger in Sharks zone.
9:25 of 2nd period - Snap shot by Henrik Sedin.
9:25 of 2nd period - Stopped by Tuukka Rask with a rebound.
9:31 of 2nd period - Wrist shot by Daniel Sedin.
9:31 of 2nd period - Stopped by Tuukka Rask with a rebound.
9:45 of 2nd period - Jeff Woywitka is hit by Adam Mair and loses puck.
9:59 of 2nd period - Minor Penalty to Vaclav Varada for High sticking.
9:59 of 2nd period - Minor Penalty to Adam Mair for Tripping.
10:00 of 2nd period - Travis Zajac wins face-off versus Henrik Sedin in Blues zone.
11:21 of 2nd period - Matthew Lombardi is hit by Bates Battaglia.
11:39 of 2nd period - Danny Richmond is hit by Bobby Ryan and loses puck.
11:59 of 2nd period - Penalty to Vaclav Varada is over, Vaclav Varada is back on ice.
11:59 of 2nd period - Penalty to Adam Mair is over, Adam Mair is back on ice.
12:15 of 2nd period - Andrei Markov is hit by Matthew Lombardi and loses puck.
12:34 of 2nd period - Snap shot by Blake Wheeler.
12:34 of 2nd period - Shot Misses the Net.
12:36 of 2nd period - Snap shot by Bryce Lampman.
12:36 of 2nd period - Shot Misses the Net.
13:08 of 2nd period - Blake Wheeler is hit by Mikko Koivu and loses puck.
13:25 of 2nd period - Slapshot by Brent Burns.
13:25 of 2nd period - Shot Misses the Net.
13:27 of 2nd period - Slapshot by Bryce Lampman.
13:27 of 2nd period - Deflect By Matthew Lombardi.
13:27 of 2nd period - Stopped by Pascal Leclaire with a rebound.
13:29 of 2nd period - Wrist shot by Matthew Lombardi.
13:29 of 2nd period - Stopped by Pascal Leclaire with a rebound.
14:06 of 2nd period - Snap shot by Matthew Lombardi.
14:06 of 2nd period - Shot Blocked by Joni Pitkanen.
14:08 of 2nd period - Wrist shot by Blake Wheeler.
14:08 of 2nd period - Shot Blocked by Joni Pitkanen.
14:10 of 2nd period - Snap shot by Blake Wheeler.
14:10 of 2nd period - Stopped by Pascal Leclaire without a rebound.
14:11 of 2nd period - Tomas Plekanec wins face-off versus Mike Fisher in Sharks zone.
14:14 of 2nd period - Snap shot by Rick Nash.
14:14 of 2nd period - Stopped by Pascal Leclaire with a rebound.
14:45 of 2nd period - Snap shot by Maxim Afinogenov.
14:45 of 2nd period - Shot Misses the Net.
14:47 of 2nd period - Snap shot by Paul Kariya.
14:47 of 2nd period - Shot Misses the Net.
15:03 of 2nd period - Wrist shot by Mike Fisher.
15:03 of 2nd period - Shot Misses the Net.
16:15 of 2nd period - Darcy Hordichuk is hit by Bates Battaglia and loses puck.
16:26 of 2nd period - Ryan Malone is hit by Tomas Plekanec and loses puck.
19:09 of 2nd period - Icing by François Beauchemin.
19:10 of 2nd period - Travis Zajac wins face-off versus Mikko Koivu in Blues zone.
19:39 of 2nd period - Georges Laraque is hit by Danny Richmond.
19:49 of 2nd period - Tomas Plekanec is hit by Bates Battaglia and loses puck.
3rd period
0:01 of 3rd period - Travis Zajac wins face-off versus Henrik Sedin in neutral zone.
0:04 of 3rd period - Snap shot by Dan Boyle.
0:04 of 3rd period - Shot Misses the Net.
0:14 of 3rd period - Wrist shot by Joni Pitkanen.
0:14 of 3rd period - Stopped by Tuukka Rask without a rebound.
0:15 of 3rd period - Jamie Langenbrunner wins face-off versus Henrik Sedin in Blues zone.
0:48 of 3rd period - Minor Penalty to Travis Zajac for Hooking.
0:49 of 3rd period - Henrik Sedin wins face-off versus Paul Kariya in Blues zone.
1:59 of 3rd period - Daniel Sedin is hit by Danny Richmond and loses puck.
2:48 of 3rd period - Penalty to Travis Zajac is over, Travis Zajac is back on ice.
3:00 of 3rd period - Wrist shot by Mike Fisher.
3:00 of 3rd period - Shot Misses the Net.
3:01 of 3rd period - Minor Penalty to Tomas Plekanec for Hooking.
3:02 of 3rd period - Paul Kariya wins face-off versus Mikko Koivu in Blues zone.
3:47 of 3rd period - Wrist shot by Darcy Hordichuk.
3:47 of 3rd period - Stopped by Pascal Leclaire with a rebound.
3:49 of 3rd period - Snap shot by Éric Belanger.
3:49 of 3rd period - Shot Misses the Net.
3:51 of 3rd period - Slapshot by Darcy Hordichuk.
3:51 of 3rd period - Shot Blocked by Daniel Sedin.
3:53 of 3rd period - Slapshot by Danny Richmond.
3:53 of 3rd period - Shot Blocked by Bobby Ryan.
4:53 of 3rd period - Joni Pitkanen is hit by Blake Wheeler.
5:01 of 3rd period - Penalty to Tomas Plekanec is over, Tomas Plekanec is back on ice.
5:21 of 3rd period - Backhand shot by Éric Belanger.
5:21 of 3rd period - Shot Misses the Net.
5:37 of 3rd period - Wrist shot by Jamie Langenbrunner.
5:37 of 3rd period - Stopped by Pascal Leclaire without a rebound.
5:38 of 3rd period - Mike Fisher wins face-off versus Tomas Plekanec in Sharks zone.
5:43 of 3rd period - Slapshot by Mike Fisher.
5:43 of 3rd period - Stopped by Tuukka Rask without a rebound.
5:43 of 3rd period - Minor Penalty to Rick Nash for Holding.
5:44 of 3rd period - Henrik Sedin wins face-off versus Paul Kariya in Blues zone.
7:43 of 3rd period - Penalty to Rick Nash is over, Rick Nash is back on ice.
8:24 of 3rd period - Minor Penalty to Dan Boyle for Holding.
8:25 of 3rd period - Henrik Sedin wins face-off versus Paul Kariya in Blues zone.
9:09 of 3rd period - Snap shot by Joni Pitkanen.
9:09 of 3rd period - Stopped by Tuukka Rask without a rebound.
9:10 of 3rd period - Paul Kariya wins face-off versus Mikko Koivu in Blues zone.
9:19 of 3rd period - Jeff Woywitka is hit by Mike Komisarek.
10:11 of 3rd period - Dan Girardi is hit by Éric Belanger and loses puck.
10:24 of 3rd period - Penalty to Dan Boyle is over, Dan Boyle is back on ice.
10:27 of 3rd period - Snap shot by Dan Boyle.
10:27 of 3rd period - Stopped by Pascal Leclaire with a rebound.
10:30 of 3rd period - Icing by Georges Laraque.
10:31 of 3rd period - Tomas Plekanec wins face-off versus Mike Fisher in Sharks zone.
10:42 of 3rd period - Wrist shot by Rick Nash.
10:42 of 3rd period - Stopped by Pascal Leclaire without a rebound.
10:43 of 3rd period - Mikko Koivu wins face-off versus Travis Zajac in Sharks zone.
10:47 of 3rd period - Off-side.
10:48 of 3rd period - Mikko Koivu wins face-off versus Travis Zajac in neutral zone.
11:03 of 3rd period - Andrei Markov is hit by Danny Richmond and loses puck.
11:16 of 3rd period - Slapshot by Daniel Sedin.
11:16 of 3rd period - Shot Blocked by Darcy Hordichuk.
11:24 of 3rd period - Wrist shot by Daniel Sedin.
11:24 of 3rd period - Deflect By Dan Boyle.
11:24 of 3rd period - Shot Misses the Net.
11:24 of 3rd period - Puck is out of play.
11:25 of 3rd period - Travis Zajac wins face-off versus Henrik Sedin in Blues zone.
12:01 of 3rd period - Wrist shot by Mikko Koivu.
12:01 of 3rd period - Shot Blocked by Brent Burns.
12:03 of 3rd period - Wrist shot by Dan Girardi.
12:03 of 3rd period - Shot Blocked by Brent Burns.
12:41 of 3rd period - Bates Battaglia is hit by Paul Kariya and loses puck.
12:46 of 3rd period - Snap shot by Travis Zajac.
12:46 of 3rd period - Shot Misses the Net.
13:28 of 3rd period - Minor Penalty to Darcy Hordichuk for Interference.
13:29 of 3rd period - Henrik Sedin wins face-off versus Paul Kariya in Blues zone.
15:28 of 3rd period - Penalty to Darcy Hordichuk is over, Darcy Hordichuk is back on ice.
15:38 of 3rd period - Minor Penalty to Rick Nash for Diving.
15:38 of 3rd period - Minor Penalty to Mike Fisher for Tripping.
15:39 of 3rd period - Henrik Sedin wins face-off versus Travis Zajac in Sharks zone.
15:46 of 3rd period - Snap shot by Daniel Sedin.
15:46 of 3rd period - Shot Blocked by Dan Boyle.
15:48 of 3rd period - Wrist shot by Daniel Sedin.
15:48 of 3rd period - Goal by Daniel Sedin - Sharks : 2 - Blues : 1.
15:49 of 3rd period - Henrik Sedin wins face-off versus Travis Zajac in neutral zone.
15:52 of 3rd period - Slapshot by Henrik Sedin.
15:52 of 3rd period - Stopped by Tuukka Rask without a rebound.
15:53 of 3rd period - Travis Zajac wins face-off versus Henrik Sedin in Blues zone.
15:53 of 3rd period - Travis Zajac is hit by Daniel Sedin.
16:03 of 3rd period - Wrist shot by Henrik Sedin.
16:03 of 3rd period - Goal by Henrik Sedin - Sharks : 3 - Blues : 1.
16:04 of 3rd period - Blake Wheeler wins face-off versus Henrik Sedin in neutral zone.
16:14 of 3rd period - Slapshot by Joni Pitkanen.
16:14 of 3rd period - Shot Blocked by Dan Boyle.
16:16 of 3rd period - Snap shot by Henrik Sedin.
16:16 of 3rd period - Stopped by Tuukka Rask with a rebound.
16:18 of 3rd period - Wrist shot by Henrik Sedin.
16:18 of 3rd period - Shot Misses the Net.
16:20 of 3rd period - Slapshot by Joni Pitkanen.
16:20 of 3rd period - Shot Misses the Net.
17:21 of 3rd period - Snap shot by Darcy Hordichuk.
17:21 of 3rd period - Stopped by Pascal Leclaire without a rebound.
17:22 of 3rd period - Henrik Sedin wins face-off versus Travis Zajac in Sharks zone.
17:38 of 3rd period - Penalty to Rick Nash is over, Rick Nash is back on ice.
17:38 of 3rd period - Penalty to Mike Fisher is over, Mike Fisher is back on ice.
17:43 of 3rd period - Wrist shot by Henrik Sedin.
17:43 of 3rd period - Shot Blocked by Danny Richmond.
17:45 of 3rd period - Wrist shot by Andrei Markov.
17:45 of 3rd period - Stopped by Tuukka Rask with a rebound.
17:47 of 3rd period - Snap shot by Mike Fisher.
17:47 of 3rd period - Shot Blocked by Rick Nash.
17:49 of 3rd period - Snap shot by Henrik Sedin.
17:49 of 3rd period - Shot Blocked by Rick Nash.
17:51 of 3rd period - Wrist shot by Henrik Sedin.
17:51 of 3rd period - Shot Blocked by Danny Richmond.
17:53 of 3rd period - Slapshot by Joni Pitkanen.
17:53 of 3rd period - Stopped by Tuukka Rask without a rebound.
17:54 of 3rd period - Tomas Plekanec wins face-off versus Adam Mair in Blues zone.
17:59 of 3rd period - Snap shot by Brent Burns.
17:59 of 3rd period - Deflect By Bates Battaglia.
17:59 of 3rd period - Stopped by Pascal Leclaire with a rebound.
18:01 of 3rd period - Slapshot by Brent Burns.
18:01 of 3rd period - Stopped by Pascal Leclaire with a rebound.
18:03 of 3rd period - Slapshot by Jamie Langenbrunner.
18:03 of 3rd period - Goal by Jamie Langenbrunner - Sharks : 3 - Blues : 2.
18:04 of 3rd period - Matthew Lombardi wins face-off versus Mike Fisher in neutral zone.
18:19 of 3rd period - Snap shot by Matthew Lombardi.
18:19 of 3rd period - Shot Blocked by Andrei Markov.
18:45 of 3rd period - Snap shot by Georges Laraque.
18:45 of 3rd period - Goal by Georges Laraque - Sharks : 4 - Blues : 2.
18:46 of 3rd period - Matthew Lombardi wins face-off versus Adam Mair in neutral zone.
19:17 of 3rd period - Snap shot by Milan Hejduk.
19:17 of 3rd period - Stopped by Tuukka Rask with a rebound.
19:19 of 3rd period - Slapshot by Joni Pitkanen.
19:19 of 3rd period - Deflect By Milan Hejduk.
19:19 of 3rd period - Shot Blocked by Maxim Afinogenov.
19:19 of 3rd period - Puck is out of play.
19:20 of 3rd period - Ryan Malone wins face-off versus Matthew Lombardi in Blues zone.
19:23 of 3rd period - Wrist shot by Georges Laraque.
19:23 of 3rd period - Stopped by Tuukka Rask with a rebound.
19:25 of 3rd period - Wrist shot by Ryan Malone.
19:25 of 3rd period - Deflect By Mike Fisher.
19:25 of 3rd period - Shot Blocked by Brent Burns.
19:25 of 3rd period - Puck is out of play.
19:26 of 3rd period - Matthew Lombardi wins face-off versus Mike Fisher in Blues zone.
19:30 of 3rd period - Off-side.
19:31 of 3rd period - Mike Fisher wins face-off versus Blake Wheeler in neutral zone.
19:36 of 3rd period - Slapshot by Joni Pitkanen.
19:36 of 3rd period - Stopped by Tuukka Rask with a rebound.
19:38 of 3rd period - Snap shot by Ryan Malone.
19:38 of 3rd period - Deflect By Mike Fisher.
19:38 of 3rd period - Stopped by Tuukka Rask with a rebound.
19:40 of 3rd period - Wrist shot by Mike Fisher.
19:40 of 3rd period - Shot Misses the Net.
Output by the SimonT Hockey Simulator (STHS) for François Prévost -- Original Page W3C XHTML 1.0 Valid